 Dungeon Crawl Stone Soup version 0.19-a0-97-g21dea92 (webtiles) character file.

14 wvc the Chiller (level 2, 1/19 HPs)
             Began as a Demonspawn Ice Elementalist on May 16, 2016.
             Quit the game on level 1 of the Dungeon.
             The game lasted 00:02:26 (615 turns).

wvc the Chiller (Demonspawn Ice Elementalist)        Turns: 615, Time: 00:02:27

Health: 1/19       AC:  2    Str:  8    XL:     2   Next: 27%
Magic:  1/5        EV: 12    Int: 16    God:
Gold:   0          SH:  0    Dex: 13    Spells: 2 memorised, 2 levels left

rFire  . . .     SeeInvis .     h - -2 short sword (curse)
rCold  . . .     Gourm    .     a - +0 robe
rNeg   . . .     Faith    .     (no shield)
rPois  .         Spirit   .     (no helmet)
rElec  .         Dismiss  .     (no cloak)
rCorr  .         Reflect  .     (no gloves)
SustAt .         Harm     .     (no boots)
MR     .....                    (no amulet)
Stlth  +++.......               (no ring)
                                (no ring)

@: not resistant to hostile enchantments, fairly stealthy
A: nightstalker 1
a: no special abilities


You were on level 1 of the Dungeon.
You were not hungry.

You visited 1 branch of the dungeon, and saw 1 of its levels.

Inventory:

Hand Weapons
 f - a +0 mace
 h - a cursed -2 short sword (weapon)
Missiles
 g - 7 javelins (quivered)
Armour
 a - a +0 robe (worn)
 d - a +0 buckler
Potions
 e - a potion of lignification
Books
 b - a book of Frost

   Spells                             Type                      Level
   a - Freeze                         Ice                          1
   b - Throw Frost                    Conjuration/Ice              2
   c - Ozocubu's Armour               Charms/Ice                   3
   d - Throw Icicle                   Conjuration/Ice              4
   e - Summon Ice Beast               Ice/Summoning                4
Comestibles
 c - 2 bread rations


   Skills:
 - Level 1.7 Dodging
 - Level 1.7 Stealth
 + Level 2.3 Spellcasting
 - Level 1.0 Conjurations
 + Level 3.1 Ice Magic


You had 2 spell levels left.
You knew the following spells:

 Your Spells              Type           Power        Failure   Level  Hunger
a - Freeze                Ice            ##..         8%          1    #......
b - Throw Frost           Conj/Ice       #.....       14%         2    ###....


Dungeon Overview and Level Annotations

Branches:
Dungeon (1/15)

Altars:


Innate Abilities, Weirdness & Mutations

You are slightly more attuned to the shadows.


Message History

The jackal bites you.
* * * LOW HITPOINT WARNING * * *
The jackal barely misses you. x2
The jackal bites you but does no damage.
Read which item? (? for menu, Esc to quit)
As you read the scroll labeled KEAGRI GUAHEP, it crumbles to dust.
It is a scroll of amnesia.
Forget which spell ([?*] list [ESC] exit)?
Forget which spell ([?*] list [ESC] exit)?
Okay, then.
The jackal barely misses you.
The jackal bites you but does no damage. x2
You hit the jackal but do no damage.
The jackal is heavily wounded.
The jackal bites you.
* * * LOW HITPOINT WARNING * * *
The jackal bites you.
* * * LOW HITPOINT WARNING * * *
The jackal bites you but does no damage.
Are you sure you want to abandon this character and quit the game? (Confirm with "yes".)

#....#.........######.#
#....######..).........
#....######............ .
#....##...#............ ..
####....##...#............ ...
.........s................ ....
##.....##...#####........
.....###....###########....÷...
.....')'...ghh@h.......s.......
.....###....###########........
.... ###### #####........ ...
............. .. .......)....#
. ............# ............#
......(.....# #........†..#


You could see 3 jackals and a hobgoblin.

Vanquished Creatures
  2 bats (D:1)
  4 hobgoblins (D:1)
  A jackal (D:1)
  4 kobolds (D:1)
  A rat (D:1)
12 creatures vanquished.

Notes
Turn   | Place    | Note
--------------------------------------------------------------
     0 | D:1      | wvc the Demonspawn Ice Elementalist began the quest for the Orb.
     0 | D:1      | Reached XP level 1. HP: 13/13 MP: 3/3
   314 | D:1      | Reached skill level 3 in Ice Magic
   322 | D:1      | Gained mutation: You are slightly more attuned to the shadows. [demonic ancestry]
   322 | D:1      | Reached XP level 2. HP: 19/19 MP: 5/5
   532 | D:1      | Learned a level 2 spell: Throw Frost
   615 | D:1      | Quit the game

Vault maps used:
D:1:      minmay_arrival_stone_box

Skill      XL: |  1 |
---------------+----+-----
Ice Magic      | 3 |  3.1
Dodging        | |  1.7
Stealth        | |  1.7
Spellcasting   | |  2.3
Conjurations   | |  1.0

Action                   || total
-------------------------++-------
Melee: Unarmed           ||     1
       Short sword       ||     2
Throw: Javelin           ||    12
 Cast: Freeze            ||    13
  Use: Scroll            ||     2
Armor: Robe              ||     7
Dodge: Dodged            ||    21
